 Dungeon Crawl Stone Soup version 0.20-a0-910-gb611367 (webtiles) character file.

137 Rrauwl the Skirmisher (level 5, 42/42 HPs)
             Began as a Formicid Abyssal Knight on Mar 24, 2017.
             Was a Follower of Lugonu.
             Got out of the dungeon alive.
             The game lasted 00:10:48 (2648 turns).

Rrauwl the Skirmisher (Formicid Abyssal Knight)     Turns: 2648, Time: 00:10:49

Health: 42/42      AC:  8    Str: 15 (16) XL:     5   Next: 44%
Magic:  6/6        EV: 10    Int: 11 (13) God:    Lugonu [*.....]
Gold:   96         SH:  0    Dex:  9 (10) Spells: 4/4 levels left

rFire    . . .     SeeInvis +   a - +1 spear
rCold    . . .     Gourm    .   p - +0 scale mail
rNeg     . . .     Faith    .   (no shield)
rPois    .         Spirit   .   (helmet unavailable)
rElec    .         Reflect  .   (no cloak)
rCorr    .         Harm     .   l - +1 pair of gloves
MR       .....                  (no boots)
Stlth    ..........             (no amulet)
Regen    0.2/turn               (no ring)
MPRegen  0.1/turn               (no ring)

@: no status effects
A: permanent stasis, dig shafts and tunnels, four strong arms, antennae 3
a: Dig, Shaft Self, Depart the Abyss, Renounce Religion


You escaped.
You worshipped Lugonu.
Lugonu was aware of your devotion.
You were not hungry.

You visited 1 branch of the dungeon, and saw 4 of its levels.
You visited the Abyss 1 time.

You collected 96 gold pieces.

Inventory:

Hand Weapons
 a - a +1 spear (weapon)
Armour
 l - a +1 pair of gloves (worn)
 p - a +0 scale mail (worn)
Wands
 g - a wand of random effects (14/48)
Scrolls
 d - 2 scrolls of identify
 i - a scroll of remove curse
 j - a scroll of blinking {unknown}
Potions
 e - 2 potions of curing
 f - a potion of agility
 k - a potion of berserk rage {unknown}
 m - a potion of flight
 o - a potion of heal wounds
Comestibles
 c - 2 bread rations
 h - a meat ration


   Skills:
 - Level 4.1 Fighting
 + Level 3.4 Polearms
 + Level 3.0 Armour
 - Level 2.0 Dodging
 - Level 2.3 Invocations
 - Level 0.4 Evocations


You had 4 spell levels left.
You didn't know any spells.

Dungeon Overview and Level Annotations

Branches:
Dungeon (4/15)
 Temple: D:4-7

Altars:
Trog


Innate Abilities, Weirdness & Mutations

You cannot be hasted, slowed, berserked, paralysed or teleported.
You can dig through walls and to a lower floor.
Your four strong arms can wield two-handed weapons with a shield.
You have a pair of large antennae on your head. (SInv)


Message History

You sense a monster nearby.
Found a bloodstained altar of Trog.
Save game and exit?
Welcome back, Rrauwl the Formicid Abyssal Knight.
Lugonu says: Spread carnage and corruption!
Press ? for a list of commands and other information.
(D) Dungeon
Where to? (? - help)
What level of the Dungeon? (default 1, ? - help)
There is a stone staircase leading up here.
You climb upwards.
There is a stone staircase leading down here.
All of the chunks of flesh in your inventory have rotted away.
You see here a kobold skeleton.
There is a stone staircase leading up here.
You climb upwards.
There is a stone staircase leading down here.
There is a staircase leading out of the dungeon here.
Are you sure you want to leave the Dungeon?
This will make you lose the game!
You have escaped!

#.# ######## #.# #.#
#.# #.##
###########.#
#..######...........#
##.............######
##..#####..###.#
##..#.....#..##.#
##..#.......#..#.#
#..#....@....#...#
##..#......(#....#
##..#.....#..#.##
##..#####...#.#
##.......#.#.#
#########.#.# #.#.#
#.#.# #.#.#


There were no monsters in sight!

Vanquished Creatures
  An iguana (D:4)
  A worker ant (D:4)
  A gnoll (D:1)
  An adder (D:3)
  2 oozes (D:1)
  2 worms (D:3)
  2 dart slugs
  6 orcs
  6 bats
  A giant cockroach (D:3)
  6 hobgoblins
  3 jackals (D:1)
  2 kobolds
  A quokka (D:1)
  A ball python (D:1)
  2 frilled lizards
  A giant cockroach zombie (D:4)
  6 goblins (D:1)
  2 rats (D:1)
47 creatures vanquished.

Notes
Turn   | Place    | Note
-------+----------+-------------------------------------------
     0 | Abyss:1  | Rrauwl the Formicid Abyssal Knight began the quest for the Orb.
     0 | Abyss:1  | Reached XP level 1. HP: 18/18 MP: 2/2
   112 | Abyss:2  | Noticed a tentacled starspawn
   121 | Abyss:2  | Noticed a large abomination
   156 | Abyss:2  | Noticed a large abomination
   167 | D:1      | Escaped the Abyss
   235 | D:1      | Reached XP level 2. HP: 6/24 MP: 3/3
   241 | D:1      | HP: 1/24 [gnoll/spear (2)]
   242 | D:1      | Reached * piety under Lugonu
   242 | D:1      | Reached skill level 1 in Dodging
   571 | D:1      | Reached XP level 3. HP: 29/30 MP: 4/4
   792 | D:1      | Reached skill level 4 in Fighting
   996 | D:1      | Reached XP level 4. HP: 37/37 MP: 5/5
  1167 | D:2      | You fall through a shaft for 2 floors!
  1197 | D:4      | Reached XP level 5. HP: 16/42 MP: 6/6
  2557 | D:3      | Found a bloodstained altar of Trog.
  2648 | D:$      | Got out of the dungeon alive.

Vault maps used:
D:1:      scummos_arrival_hexagon, serial_forest, infiniplex_forest_lined_1,
          infiniplex_forest_lined_corner, infiniplex_forest_clump_small,
          infiniplex_forest_lined_corner, infiniplex_forest_lined_corner,
          infiniplex_forest_pool, infiniplex_forest_straight_4
D:2:      nicolae_gozag_cash_rules_everything_around_me
D:3:      marbit_many_paths, lemuel_crystal_altar,
          gammafunk_temple_overflow_elements
D:4:      first_bread, minmay_cupped

Skill      XL: |  1  2  3  4  5 |
---------------+----------------+-----
Dodging        | 1 2 |  2.0
Fighting       | 4 |  4.1
Polearms       | 3 |  3.4
Armour         | 3 |  3.0
Invocations    | |  2.3
Evocations     | |  0.4

Action                   |  1- 3 |  4- 6 || total
-------------------------+-------+-------++-------
Melee: Spear             |    56 |   102 ||   158
Invok: Depart the Abyss  |     1 |       ||     1
Evoke: Wand              |     6 |     6 ||    12
  Use: Potion            |     2 |     4 ||     6
       Scroll            |     2 |     4 ||     6
 Stab: Sleeping          |       |     1 ||     1
  Eat: Bread ration      |       |     1 ||     1
       Chunk             |       |     1 ||     1
Armor: Leather armour    |    14 |     2 ||    16
       Scale mail        |       |    25 ||    25
Dodge: Dodged            |    30 |    32 ||    62
